TOP OF THE 1ST |
Pittsburgh Pirates batting - Pitching for Arizona Diamondbacks : LHP Aldo Questi
|
Pitching: LHP Aldo Questi
|
|
Batting: SHB Marvin McAleer
|
0-0: Bunt for hit to 23 - play at first, batter safe!
|
Batting: RHB Steve Jordan
|
0-0: Called Strike 0-1: Fly out, F8 (Flyball, 8LXD, EV 101.9 MPH)
|
Batting: RHB Vincent Poopwell
|
0-0: Ball 1-0: Called Strike Marvin McAleer steals 2nd base 1-1: Ball 2-1: Fly out, F9 (Line Drive, 9, EV 104.4 MPH)
|
Batting: RHB Andrew Robinson
|
0-0: Ball 1-0: Swinging Strike 1-1: Ball 2-1: Swinging Strike 2-2: Ball 3-2: Strikes out swinging
|
Top of the 1st over - 0 runs, 1 hit, 0 errors, 1 left on base; Pittsburgh 0 - Arizona 0 |
BOTTOM OF THE 1ST |
Arizona Diamondbacks batting - Pitching for Pittsburgh Pirates : LHP Sam Richardson
|
Pitching: LHP Sam Richardson
|
|
Batting: RHB Katilimomi Kelekolio
|
0-0: Ball 1-0: Ball 2-0: Called Strike 2-1: Ball 3-1: Foul Ball, location: 2F 3-2: Base on Balls
|
Batting: SHB Perry Tuckfard
|
0-0: Swinging Strike 0-1: Ball 1-1: Ball 2-1: Ball 3-1: Foul Ball, location: 2F 3-2: Strikes out looking
|
Batting: RHB Shiro Suehiro
|
0-0: Called Strike 0-1: 2-RUN HOME RUN (Flyball, 7D, EV 98.1 MPH), Distance : 379 ft
|
Batting: RHB David Price Jr.
|
0-0: Ball 1-0: Called Strike 1-1: Called Strike 1-2: Ball 2-2: SINGLE (Flyball, 7LS, EV 93.8 MPH)
|
Batting: RHB Billy Crookston
|
0-0: SINGLE (Groundball, 56D, EV 101.2 MPH) David Price Jr. to second Runner from 2nd tries for 3rd, OUT! 7-5
|
Batting: RHB Rocky Campbell
|
0-0: Swinging Strike 0-1: Called Strike 0-2: Foul Ball, location: 2F 0-2: Ball 1-2: Strikes out looking
|
Bottom of the 1st over - 2 runs, 3 hits, 0 errors, 1 left on base; Pittsburgh 0 - Arizona 2 |
TOP OF THE 2ND |
Pittsburgh Pirates batting - Pitching for Arizona Diamondbacks : LHP Aldo Questi
|
Batting: RHB David Contreras
|
0-0: Ball 1-0: Ball 2-0: Called Strike 2-1: Fly out, F9 (Line Drive, 9, EV 105.0 MPH)
|
Batting: LHB Pat Sutton
|
0-0: DOUBLE (Flyball, 8LXD, EV 110.6 MPH)
|
Batting: RHB Mike Thornton
|
0-0: Ball 1-0: Swinging Strike 1-1: Ball 2-1: Ball 3-1: 2-RUN HOME RUN (Line Drive, 78XD, EV 110.6 MPH), Distance : 413 ft
|
Batting: RHB Raul Mendoza
|
0-0: Ball 1-0: Fly out, F7 (Flyball, 7D, EV 100.0 MPH)
|
Batting: SHB Brad Day
|
0-0: Called Strike 0-1: Called Strike 0-2: Strikes out swinging
|
Top of the 2nd over - 2 runs, 2 hits, 0 errors, 0 left on base; Pittsburgh 2 - Arizona 2 |
BOTTOM OF THE 2ND |
Arizona Diamondbacks batting - Pitching for Pittsburgh Pirates : LHP Sam Richardson
|
Batting: LHB Roy Steigerwald
|
0-0: Called Strike 0-1: Fly out, F5 (Popup, 5F, EV 79.4 MPH)
|
Batting: SHB Warren Eisner
|
0-0: Ball 1-0: Ball 2-0: Called Strike 2-1: Ball 3-1: DOUBLE (Flyball, 78D, EV 106.9 MPH)
|
Batting: RHB Fabrice Bertin
|
0-0: 2-RUN HOME RUN (Flyball, 7D, EV 97.5 MPH), Distance : 379 ft
|
Batting: RHB Katilimomi Kelekolio
|
0-0: Ball 1-0: Ball 2-0: Called Strike 2-1: Ball 3-1: Base on Balls
|
Batting: SHB Perry Tuckfard
|
0-0: Ball 1-0: Foul Ball, location: 2F 1-1: Ball 2-1: Ball 3-1: Fly out, F9 (Flyball, 89S, EV 86.9 MPH)
|
Batting: RHB Shiro Suehiro
|
0-0: Swinging Strike 0-1: SINGLE (Flyball, 89S, EV 93.1 MPH) Katilimomi Kelekolio to second Runner from 2nd tries for 3rd, SAFE, throw by CF made to third
|
Batting: RHB David Price Jr.
|
0-0: Ball 1-0: SINGLE (Flyball, 56D, EV 92.5 MPH) Katilimomi Kelekolio scores Shiro Suehiro to second Runner from 2nd tries for 3rd, SAFE, no throw by LF
|
Pitching: LHP Riichi Yamashita
|
|
Batting: RHB Billy Crookston
|
0-0: Fielders Choice at 2nd, 5-4 (Groundball, 56, EV 98.8 MPH)
|
Bottom of the 2nd over - 3 runs, 4 hits, 0 errors, 2 left on base; Pittsburgh 2 - Arizona 5 |
TOP OF THE 3RD |
Pittsburgh Pirates batting - Pitching for Arizona Diamondbacks : LHP Aldo Questi
|
Batting: SHB Marvin McAleer
|
0-0: Ball 1-0: Swinging Strike 1-1: Ball 2-1: Ground out 5-3 (Groundball, 5, EV 97.5 MPH)
|
Batting: RHB Steve Jordan
|
0-0: Ball 1-0: Called Strike 1-1: SOLO HOME RUN (Flyball, 78XD, EV 99.4 MPH), Distance : 407 ft
|
Batting: RHB Vincent Poopwell
|
0-0: Foul Ball, location: 2F 0-1: DOUBLE (Flyball, 8RXD, EV 101.9 MPH)
|
Batting: RHB Andrew Robinson
|
0-0: Swinging Strike 0-1: Ball 1-1: Ball 2-1: Fly out, F8 (Flyball, 78D, EV 79.4 MPH)
|
Batting: RHB David Contreras
|
0-0: Ground out 5-3 (Groundball, 5L, EV 105.0 MPH)
|
Top of the 3rd over - 1 run, 2 hits, 0 errors, 1 left on base; Pittsburgh 3 - Arizona 5 |
BOTTOM OF THE 3RD |
Arizona Diamondbacks batting - Pitching for Pittsburgh Pirates : LHP Riichi Yamashita
|
Batting: RHB Rocky Campbell
|
0-0: Ball 1-0: Called Strike 1-1: Called Strike 1-2: Foul Ball, location: 2F 1-2: Fly out, F9 (Flyball, 9LM, EV 97.5 MPH)
|
Batting: LHB Roy Steigerwald
|
0-0: Ball 1-0: Ground out U3 (Groundball, 3L, EV 98.8 MPH)
|
Batting: SHB Warren Eisner
|
0-0: DOUBLE (Flyball, 9LD, EV 102.5 MPH)
|
Batting: RHB Fabrice Bertin
|
0-0: Ball 1-0: Called Strike 1-1: Ball 2-1: Ball 3-1: Swinging Strike 3-2: DOUBLE (Line Drive, 78M, EV 113.8 MPH) Warren Eisner scores
|
Batting: RHB Katilimomi Kelekolio
|
0-0: Called Strike 0-1: Swinging Strike 0-2: Strikes out swinging
|
Bottom of the 3rd over - 1 run, 2 hits, 0 errors, 1 left on base; Pittsburgh 3 - Arizona 6 |
TOP OF THE 4TH |
Pittsburgh Pirates batting - Pitching for Arizona Diamondbacks : LHP Aldo Questi
|
Batting: LHB Pat Sutton
|
0-0: Called Strike 0-1: Foul Ball, location: 2F 0-2: Ball 1-2: Strikes out looking
|
Batting: RHB Mike Thornton
|
0-0: Ball 1-0: Ball 2-0: Ball 3-0: Foul Ball, location: 2F 3-1: Base on Balls
|
Batting: RHB Raul Mendoza
|
0-0: Ball 1-0: Called Strike 1-1: Ball 2-1: Foul Ball, location: 2F 2-2: Grounds into double play, 6-4-3 (Groundball, 6, EV 85.6 MPH)
|
Top of the 4th over - 0 runs, 0 hits, 0 errors, 0 left on base; Pittsburgh 3 - Arizona 6 |
BOTTOM OF THE 4TH |
Arizona Diamondbacks batting - Pitching for Pittsburgh Pirates : LHP Riichi Yamashita
|
Batting: SHB Perry Tuckfard
|
0-0: Ground out 6-3 (Groundball, 6M, EV 83.8 MPH)
|
Batting: RHB Shiro Suehiro
|
0-0: Called Strike 0-1: Ground out 6-3 (Groundball, 56, EV 101.9 MPH)
|
Batting: RHB David Price Jr.
|
0-0: Ball 1-0: Called Strike 1-1: Called Strike 1-2: Foul Ball, location: 2F 1-2: Fly out, F8 (Flyball, 78M, EV 76.9 MPH)
|
Bottom of the 4th over - 0 runs, 0 hits, 0 errors, 0 left on base; Pittsburgh 3 - Arizona 6 |
TOP OF THE 5TH |
Pittsburgh Pirates batting - Pitching for Arizona Diamondbacks : LHP Aldo Questi
|
Batting: SHB Brad Day
|
0-0: Ball 1-0: Swinging Strike 1-1: Foul Ball, location: 2F 1-2: Ball 2-2: Strikes out swinging
|
Batting: SHB Marvin McAleer
|
0-0: Called Strike 0-1: DOUBLE (Flyball, 5D, EV 100.0 MPH)
|
Batting: RHB Steve Jordan
|
0-0: Swinging Strike 0-1: Called Strike Marvin McAleer steals 3rd base (no throw) 0-2: Ball 1-2: Ball 2-2: Ball 3-2: Foul Ball, location: 2F 3-2: Base on Balls
|
Batting: RHB Vincent Poopwell
|
0-0: Called Strike 0-1: Fly out, F9 (Flyball, 89D, EV 104.4 MPH) Runner from 3rd tags up, SCORES, throw by RF
|
Batting: RHB Andrew Robinson
|
0-0: Ball Steve Jordan steals 2nd base 1-0: Fly out, F8 (Flyball, 89XD, EV 109.4 MPH)
|
Top of the 5th over - 1 run, 1 hit, 0 errors, 1 left on base; Pittsburgh 4 - Arizona 6 |
BOTTOM OF THE 5TH |
Arizona Diamondbacks batting - Pitching for Pittsburgh Pirates : LHP Riichi Yamashita
|
Batting: RHB Billy Crookston
|
0-0: Called Strike 0-1: Ball 1-1: SINGLE (Groundball, 56D, EV 98.8 MPH)
|
Batting: RHB Rocky Campbell
|
0-0: Ball 1-0: Foul Ball, location: 2F 1-1: Ball 2-1: Fly out, F8 (Flyball, 8RXD, EV 100.6 MPH)
|
Batting: LHB Roy Steigerwald
|
0-0: Foul Ball, location: 2F 0-1: Foul Ball, location: 2F 0-2: Strikes out swinging
|
Batting: SHB Warren Eisner
|
0-0: Called Strike 0-1: Fielders Choice at 2nd, U6 (Groundball, 6M, EV 87.5 MPH)
|
Bottom of the 5th over - 0 runs, 1 hit, 0 errors, 1 left on base; Pittsburgh 4 - Arizona 6 |
TOP OF THE 6TH |
Pittsburgh Pirates batting - Pitching for Arizona Diamondbacks : LHP Aldo Questi
|
Batting: RHB David Contreras
|
0-0: SINGLE (Groundball, 56D, EV 94.4 MPH)
|
Batting: LHB Pat Sutton
|
0-0: Grounds into double play, 4-6-3 (Groundball, 34D, EV 83.8 MPH)
|
Batting: RHB Mike Thornton
|
0-0: Called Strike 0-1: Ground out 6-3 (Groundball, 56, EV 85.6 MPH)
|
Top of the 6th over - 0 runs, 1 hit, 0 errors, 0 left on base; Pittsburgh 4 - Arizona 6 |
BOTTOM OF THE 6TH |
Arizona Diamondbacks batting - Pitching for Pittsburgh Pirates : LHP Riichi Yamashita
|
Batting: RHB Fabrice Bertin
|
0-0: Ball 1-0: SINGLE (Groundball, 34D, EV 107.5 MPH)
|
Batting: RHB Katilimomi Kelekolio
|
0-0: Foul Ball, location: 2F 0-1: Ball 1-1: SINGLE (Line Drive, 34D, EV 106.9 MPH) Fabrice Bertin to second
|
Pitching: LHP Tim Wichman
|
|
Batting: SHB Perry Tuckfard
|
0-0: Swinging Strike 0-1: Ball 1-1: Ball 2-1: Ball 3-1: Foul Ball, location: 2F 3-2: Base on Balls Fabrice Bertin to third Katilimomi Kelekolio to second
|
Batting: RHB Shiro Suehiro
|
0-0: Ball 1-0: SINGLE (Groundball, 4D, EV 96.2 MPH) Fabrice Bertin scores Katilimomi Kelekolio to third Perry Tuckfard to second Runner from 3rd tries for Home, SAFE, throw by CF to home
|
Batting: RHB David Price Jr.
|
0-0: Called Strike 0-1: Ball 1-1: Called Strike 1-2: Ball 2-2: SINGLE (Groundball, 25, EV 70.0 MPH) (infield hit) Perry Tuckfard to third Shiro Suehiro to second
|
Batting: RHB Billy Crookston
|
0-0: Fly out, F9 (Flyball, 9LD, EV 97.5 MPH) Runner from 3rd tags up, SCORES, throw by RF Shiro Suehiro to third
|
Batting: RHB Rocky Campbell
|
0-0: Called Strike 0-1: Foul Ball, location: 2F 0-2: Strikes out looking
|
Batting: LHB Roy Steigerwald
|
0-0: Called Strike 0-1: Ball 1-1: Fly out, F8 (Flyball, 8LM, EV 95.0 MPH)
|
Bottom of the 6th over - 3 runs, 4 hits, 0 errors, 2 left on base; Pittsburgh 4 - Arizona 9 |
TOP OF THE 7TH |
Pittsburgh Pirates batting - Pitching for Arizona Diamondbacks : LHP Aldo Questi
|
Now in LF: Eric Klasek
|
|
Now in RF: Fabrice Bertin
|
|
Batting: RHB Raul Mendoza
|
0-0: Foul Ball, location: 2F 0-1: Ball 1-1: Called Strike 1-2: Strikes out swinging
|
Batting: SHB Brad Day
|
0-0: Ball 1-0: Swinging Strike 1-1: Ball 2-1: Foul Ball, location: 2F 2-2: Foul Ball, location: 2F 2-2: Foul Ball, location: 2F 2-2: Ground out 6-3 (Groundball, 6M, EV 99.4 MPH)
|
Batting: SHB Marvin McAleer
|
0-0: Ball 1-0: Foul Ball, location: 2F 1-1: Ball 2-1: Foul Ball, location: 2F 2-2: Ball 3-2: Foul Ball, location: 2F 3-2: Base on Balls
|
Batting: RHB Steve Jordan
|
0-0: Called Strike 0-1: Called Strike 0-2: Fly out, F6 (Popup, 4MS, EV 80.6 MPH)
|
Top of the 7th over - 0 runs, 0 hits, 0 errors, 1 left on base; Pittsburgh 4 - Arizona 9 |
BOTTOM OF THE 7TH |
Arizona Diamondbacks batting - Pitching for Pittsburgh Pirates : LHP Tim Wichman
|
Batting: SHB Warren Eisner
|
0-0: Called Strike 0-1: Ball 1-1: SINGLE (Groundball, 6, EV 97.5 MPH)
|
Batting: RHB Fabrice Bertin
|
0-0: Ball 1-0: Ball 2-0: Called Strike 2-1: Foul Ball, location: 2F 2-2: Fielders Choice at 2nd, 4-6 (Groundball, 4D, EV 111.2 MPH)
|
Batting: RHB Katilimomi Kelekolio
|
0-0: Ball 1-0: Ball 2-0: Swinging Strike 2-1: Foul Ball, location: 2F 2-2: Ball 3-2: Base on Balls Fabrice Bertin to second
|
Batting: SHB Perry Tuckfard
|
0-0: Ball 1-0: Ball 2-0: Ball 3-0: Called Strike 3-1: Grounds into double play, 6-4-3 (Groundball, 6, EV 100.6 MPH)
|
Bottom of the 7th over - 0 runs, 1 hit, 0 errors, 1 left on base; Pittsburgh 4 - Arizona 9 |
TOP OF THE 8TH |
Pittsburgh Pirates batting - Pitching for Arizona Diamondbacks : LHP Aldo Questi
|
Batting: RHB Vincent Poopwell
|
0-0: Called Strike 0-1: Called Strike 0-2: Ball 1-2: SINGLE (Groundball, 34D, EV 94.4 MPH)
|
Pitching: LHP John Salzmann
|
|
Batting: RHB Andrew Robinson
|
0-0: Ball 1-0: Swinging Strike 1-1: Swinging Strike 1-2: Strikes out swinging
|
Batting: RHB David Contreras
|
0-0: Ball 1-0: Foul Ball, location: 2F 1-1: Called Strike 1-2: Foul Ball, location: 2F 1-2: Ball 2-2: Strikes out swinging
|
Pinch Hitting: RHB Eisse Bravenboer
|
0-0: Foul Ball, location: 2F 0-1: Ball 1-1: SINGLE (Line Drive, 89S, EV 105.0 MPH) Vincent Poopwell to second
|
Batting: RHB Mike Thornton
|
0-0: Called Strike 0-1: Ball 1-1: Called Strike 1-2: Strikes out looking
|
Top of the 8th over - 0 runs, 2 hits, 0 errors, 2 left on base; Pittsburgh 4 - Arizona 9 |
BOTTOM OF THE 8TH |
Arizona Diamondbacks batting - Pitching for Pittsburgh Pirates : LHP Tim Wichman
|
Now at 2B: Eisse Bravenboer
|
|
Now at SS: David Contreras
|
|
Now in LF: Steve Jordan
|
|
Batting: RHB Shiro Suehiro
|
0-0: Ball 1-0: Ball 2-0: Ball 3-0: Called Strike 3-1: Base on Balls
|
Batting: LHB Eric Klasek
|
0-0: Ball 1-0: Ball 2-0: Called Strike 2-1: SINGLE (Groundball, 4M, EV 105.0 MPH) (infield hit) Shiro Suehiro to second
|
Pitching: RHP Antonio Alvarez
|
|
Batting: RHB Billy Crookston
|
0-0: Called Strike 0-1: Ball 1-1: Ball 2-1: Foul Ball, location: 2F 2-2: Ball 3-2: DOUBLE (Groundball, 5L, EV 94.4 MPH) Shiro Suehiro scores Eric Klasek to third Eric Klasek scores
|
Batting: RHB Rocky Campbell
|
0-0: Called Strike 0-1: Fly out, F8 (Flyball, 89D, EV 97.5 MPH)
|
Batting: LHB Roy Steigerwald
|
0-0: Ball 1-0: Ball 2-0: Ball 3-0: Called Strike 3-1: Swinging Strike 3-2: Foul Ball, location: 2F 3-2: Strikes out swinging
|
Batting: SHB Warren Eisner
|
0-0: Called Strike 0-1: Ball 1-1: Fly out, F8 (Flyball, 8LXD, EV 103.1 MPH)
|
Bottom of the 8th over - 2 runs, 2 hits, 0 errors, 1 left on base; Pittsburgh 4 - Arizona 11 |
TOP OF THE 9TH |
Pittsburgh Pirates batting - Pitching for Arizona Diamondbacks : LHP John Salzmann
|
Batting: RHB Raul Mendoza
|
0-0: Called Strike 0-1: Ball 1-1: Ball 2-1: Ball 3-1: SOLO HOME RUN (Flyball, 78XD, EV 100.0 MPH), Distance : 385 ft
|
Pitching: RHP Larry Mathieu
|
|
Batting: SHB Brad Day
|
0-0: Called Strike 0-1: Ball 1-1: Ball 2-1: Ball 3-1: Foul Ball, location: 2F 3-2: Base on Balls
|
Batting: SHB Marvin McAleer
|
0-0: Ball 1-0: Called Strike 1-1: Ball 2-1: Swinging Strike 2-2: DOUBLE (Flyball, 8LD, EV 93.1 MPH) Brad Day to third
|
Batting: RHB Steve Jordan
|
0-0: Called Strike 0-1: Swinging Strike 0-2: Strikes out swinging
|
Pitching: RHP Sean Hartgrove
|
|
Batting: RHB Vincent Poopwell
|
0-0: Ball 1-0: Called Strike 1-1: Ball 2-1: 3-RUN HOME RUN (Flyball, 89XD, EV 110.6 MPH), Distance : 409 ft
|
Batting: RHB Andrew Robinson
|
0-0: Swinging Strike 0-1: Swinging Strike 0-2: Ball 1-2: Foul Ball, location: 2F 1-2: Foul Ball, location: 2F 1-2: Ball 2-2: Foul Ball, location: 2F 2-2: Foul Ball, location: 2F 2-2: Strikes out swinging
|
Batting: RHB David Contreras
|
0-0: Ball 1-0: Swinging Strike 1-1: Swinging Strike 1-2: Strikes out swinging
|
Top of the 9th over - 4 runs, 3 hits, 0 errors, 0 left on base; Pittsburgh 8 - Arizona 11 |
|